 Dungeon Crawl Stone Soup version 0.27-a0-898-g810843a28d (webtiles) character file.

Game seed: 14686358699375166947

36 Alarkh the Insei (level 3, 27/27 HPs)
             Began as a Demonspawn Gladiator on Apr 5, 2021.
             Got out of the dungeon alive.
             The game lasted 00:01:00 (913 turns).

Alarkh the Insei (Demonspawn Gladiator)              Turns: 913, Time: 00:01:01

Health: 27/27      AC:  4    Str: 14    XL:     3   Next: 19%
Magic:  3/3        EV: 12    Int: 10    God:
Gold:   4          SH:  5    Dex: 14    Spells: 2/2 levels left

rFire    . . .     SeeInvis .     - Unarmed
rCold    . . .     Faith    .   (no shield)
rNeg     . . .     Spirit   .   a - +0 leather armour
rPois    .         Reflect  +   b - +0 helmet
rElec    .         Harm     .   j - scarf {+Inv}
rCorr    .         Rampage  .   (no gloves)
Will     .....                  (no boots)
Stlth    +.........             g - amulet of reflection
HPRegen  0.09/turn              (no ring)
MPRegen  0.08/turn              (no ring)

@: no status effects
A: hooves 1, spiny 1
a: Evoke Invisibility


You escaped.
You visited 1 branch of the dungeon, and saw 2 of its levels.

You collected 4 gold pieces.

Inventory:

Missiles
 c - 3 throwing nets (quivered)
Armour
 a - a +0 leather armour (worn)
 b - a +0 helmet (worn)
 j - a scarf of invisibility (worn)
Jewellery
 g - an amulet of reflection (around neck)
Scrolls
 d - 3 scrolls of teleportation {unknown}
Potions
 e - a potion of mutation {unknown}
 f - a potion of might {unknown}
 h - a potion of attraction {unknown}
 i - a potion of ambrosia {unknown}
 k - a potion of curing {unknown}
 l - a potion of degeneration {unknown}


   Skills:
 - Level 2.0 Fighting
 - Level 1.7 Throwing
 - Level 2.6 Dodging
 + Level 4.0 Unarmed Combat


You had 2 spell levels left.
You didn't know any spells.
Your spell library contained the following spells:

 Spells                   Type           Power      Damage    Failure   Level
 Confusing Touch          Hex            0%         N/A       82%         3
 Gell's Gravitas          Tloc           0%         N/A       82%         3
 Petrify                  Tmut/Erth      0%         N/A       99%         4
 Metabolic Englaciation   Hex/Ice        0%         N/A       100%        5
 Yara's Violent Unravell  Hex/Tmut       0%         3d3       100%        5


Dungeon Overview and Level Annotations

Branches:
Dungeon (2/15)

Altars:

Shops:
D:2 ?


Innate Abilities, Weirdness & Mutations

You have large cloven feet.
You are partially covered in sharp spines.


Message History

The adder closely misses you.
You hit the adder but do no damage.
The adder is lightly wounded.
The adder barely misses you.
You hit the adder but do no damage.
The adder is lightly wounded.
The adder bites you but does no damage. The adder barely misses you.
You miss the adder.
The adder is lightly wounded.
The adder closely misses you.
You closely miss the adder.
The adder is lightly wounded.
The adder is struck by your spines. The adder bites you.
You hit the adder but do no damage.
The adder is moderately wounded.
You block the adder's attack.
You hit the adder.
The adder is heavily wounded.
You block the adder's attack.
You hit the adder.
The adder is severely wounded.
The adder misses you.
You hit the adder.
The adder is severely wounded.
The adder closely misses you. The adder is struck by your spines.
You kill the adder!
Your Unarmed Combat skill increases to level 4!
You have reached level 3!
Your experience leads to an increase in your attributes!
Increase (S)trength, (I)ntelligence, or (D)exterity?
You feel clever.
You feel monstrous as your demonic heritage exerts itself.
Your demonic ancestry asserts itself...
Your feet thicken and deform.
There is an escape hatch in the ceiling here.
A mysterious force pulls you upwards. The hatch slams shut behind you.
There is a staircase leading out of the dungeon here.
Are you sure you want to leave the Dungeon?
This will make you lose the game!
HP restored.
You have escaped!

.......### #### #... .....##..##
##..# #... .....##...# #########
#...# #...
..........###...8...###...####.##
######....##..8...8..##...#....#
##...#8.........8#...#....##
#......8..(..8.............
#...#8.........8#..........
##...##..8.@.8..##..........
#....###...8...###...#.####.
#....# ######### #...#......
#...## ##..######. #.###
########### #####...#. ##.#
#.........# #..#.....
#####..#############.####..###.##
................#....#.).......#
.##############.#.####....#.####


There were no monsters in sight!

Vanquished Creatures
  2 adders (D:2)
  A worm (D:2)
  2 endoplasms (D:1)
  A giant cockroach (D:1)
  3 hobgoblins (D:1)
  2 kobolds (D:1)
  2 ball pythons
  A bat (D:2)
  2 frilled lizards (D:1)
  A rat (D:1)
17 creatures vanquished.

Notes
Turn   | Place    | Note
-------+----------+-------------------------------------------
     0 | D:1      | Alarkh the Demonspawn Gladiator began the quest for the
                  | Orb.
     0 | D:1      | Reached XP level 1. HP: 16/16 MP: 1/1
    33 | D:1      | Reached skill level 3 in Unarmed Combat
   463 | D:1      | Gained mutation: You are partially covered in sharp spines.
                  | [demonic ancestry]
   463 | D:1      | Reached XP level 2. HP: 16/22 MP: 2/2
   803 | D:2      | Found Laig's Magic Scroll Shoppe.
   873 | D:2      | Reached skill level 4 in Unarmed Combat
   873 | D:2      | Gained mutation: You have large cloven feet. [demonic
                  | ancestry]
   873 | D:2      | Reached XP level 3. HP: 23/27 MP: 3/3
   913 | D:$      | Got out of the dungeon alive.

Illustrated notes

Levels and vault maps discovered:
D:1:      erik_arrival_orb_chamber, layout_basic
D:2:      layout_rooms, serial_shops, shop, shop, shop, uniq_jessica

Skill      XL: |  1  2 |
---------------+-------+-----
Unarmed Combat | 3 4 |  4.0
Fighting       | |  2.0
Throwing       | |  1.7
Dodging        | |  2.6

Action                   || total
-------------------------++-------
Melee: Unarmed           ||    60
 Stab: Sleeping          ||     1
Armor: Leather armour    ||    11
Dodge: Dodged            ||    28
Block: Other             ||     5

Table legend: (Time is in decaauts)
 A = Elapsed time spent in this place.
 B = Non-inter-level travel time spent in this place.
 C = Inter-level travel time spent in this place.
 D = Time resting spent in this place.
 E = Time spent auto-exploring this place.
 F = Levels seen in this place.
 G = Mean time per level.
                   A        B        C        D        E       F      G
               +--------+--------+--------+--------+--------+-----+--------+
         Total |    908 |    849 |     59 |    147 |    566 |   2 |  454.0 |
       Dungeon |    908 |    849 |     59 |    147 |    566 |   2 |  454.0 |
               +--------+--------+--------+--------+--------+-----+--------+

Top non-repeatable levels by time:
     D:1: 648 daAuts
     D:2: 260 daAuts
